 Dungeon Crawl Stone Soup version 0.29.1-1-gd02db69 (webtiles) character file.

Game seed: 3286702938942338917

355 Zypher the Ducker (level 6, -4/48 HPs)
             Began as a Merfolk Gladiator on Apr 22, 2023.
             Slain by a black bear (5 damage)
             ... on level 4 of the Dungeon.
             The game lasted 00:23:41 (3208 turns).

Zypher the Ducker (Merfolk Gladiator)               Turns: 3208, Time: 00:23:44

Health: -4/48      AC: 10    Str: 17    XL:     6   Next: 63%
Magic:  6/6        EV:  8    Int: 13    God:
Gold:   131        SH:  0    Dex: 15    Spells: 3/5 levels left

rFire   . . .      SeeInvis .   g - +3 hand axe (vorpal)
rCold   . . .      Faith    .   (no shield)
rNeg    . . .      Spirit   .   t - +0 chain mail
rPois   .          Reflect  .   c - +0 helmet
rElec   .          Harm     .   (no cloak)
rCorr   .          Rampage  .   (no gloves)
Will    .....                   j - +0 pair of boots
Stlth   ..........              (no amulet)
HPRegen 0.16/turn               o - +6 ring of intelligence
MPRegen 0.10/turn               (no ring)

@: no status effects
A: (nimble swimmer 2), mertail
a: no special abilities


You were on level 4 of the Dungeon.
You visited 1 branch of the dungeon, and saw 4 of its levels.

You collected 131 gold pieces.

Inventory:

Hand Weapons
 a - a +0 trident
 g - a +3 vorpal hand axe (weapon)
 l - a +3 dagger of holy wrath
 u - a +2 long sword of holy wrath
 v - a +0 spear
 x - a +0 dagger of speed
 y - a +0 flail
 I - a +0 hand axe
 J - a +0 war axe
 K - a +0 club
Missiles
 d - 3 throwing nets (quivered)
 e - 5 javelins
 p - 5 boomerangs
Armour
 b - a +0 leather armour
 c - a +0 helmet (worn)
 j - a +0 pair of boots (worn)
 q - a +0 leather armour
 r - a +0 leather armour
 t - a +0 chain mail (worn)
 z - a +0 ring mail
 B - a +0 chain mail
 C - a +0 pair of boots
 G - a +0 scale mail
Jewellery
 o - a +6 ring of intelligence (left hand)
Wands
 E - a wand of polymorph (4)
Scrolls
 h - a scroll of poison {unknown}
 i - 3 scrolls of identify {unknown}
 m - a scroll of silence {unknown}
 n - 5 scrolls of immolation {unknown}
 s - a scroll of fog {unknown}
 H - a scroll of magic mapping {unknown}
Potions
 f - a potion of flight {unknown}
 k - a potion of heal wounds {unknown}
 w - 2 potions of lignification {unknown}
 A - a potion of degeneration {unknown}
 D - a potion of curing {unknown}
 F - a potion of brilliance {unknown}


   Skills:
 + Level 3.7 Fighting
 + Level 3.4(3.9) Axes
 + Level 4.4(5.7) Polearms
 + Level 2.1 Throwing
 + Level 1.7 Armour
 + Level 5.0 Dodging


You had 3 spell levels left.
You knew the following spells:

 Your Spells              Type           Power      Damage    Failure   Level
a - Necrotise             Necr           0%         1d4       99%         1
b - Slow                  Hex            0%         N/A       99%         1

Your spell library contained the following spells:

 Spells                   Type           Power      Damage    Failure   Level
 Confusing Touch          Hex            0%         N/A       100%        3
 Conjure Flame            Conj/Fire      0%         6-21      100%        3
 Ignite Poison            Fire/Tmut/Pois 0%         N/A       100%        3
 Portal Projectile        Hex/Tloc       0%         N/A       100%        3
 Tukima's Dance           Hex            0%         N/A       100%        3
 Vampiric Draining        Necr           0%         2d6       100%        3
 Sticky Flame             Conj/Fire      0%         2d3       100%        4
 Blade Hands              Tmut           0%         N/A       100%        5


Dungeon Overview and Level Annotations

Branches:
Dungeon (4/15)
 Temple: D:4-7

Altars:

Shops:
D:3 (


Innate Abilities, Weirdness & Mutations

((You are very nimble when in or above water. (Stealth+, EV+, Speed+++)))
Your lower body shifts to a powerful aquatic tail in water.


Message History

You completely miss the orc.
The orc is moderately wounded.
You hit the black bear but do no damage.
The black bear bites you. The black bear claws you.
The black bear closely misses you. The orc hits you with a +0 club.
You slash the orc!
You kill the orc!
You slash the black bear!
The black bear bites you but does no damage.
The black bear claws you.
The black bear claws you but does no damage.
The black bear bites you! The black bear claws you.
The black bear claws you but does no damage.
You see here a +0 club.
You slash the black bear!
The black bear is severely wounded.
The black bear goes berserk!
You hit the black bear.
The black bear is severely wounded.
The black bear bites you!
The black bear claws you but does no damage.
The black bear closely misses you.
You hit the black bear.
The black bear is almost dead.
The black bear bites you but does no damage.
The black bear claws you.
The black bear claws you but does no damage.
The black bear bites you.
* * * LOW HITPOINT WARNING * * *
The black bear claws you.
* * * LOW HITPOINT WARNING * * *
The black bear claws you.
* * * LOW HITPOINT WARNING * * *
You closely miss the black bear.
The black bear is almost dead.
The black bear bites you.
* * * LOW HITPOINT WARNING * * *
The black bear claws you but does no damage. x2
The black bear bites you.
You die...

#........#....#...........###
#....#...##.................#
###....##..#.....##...........#
##............#####.............
##....##........#####.###.....>..
......##..?.......###.#..........
.....##..........................
#............#...................
##.#........###h@................
........## #...................#
................#..............##
#..............##..#.............
#.......#.........###.......####.
.......##...................#..).
#......##.......................#
.............. ...<........###
.......##. ..........#... .


You could see a black bear (berserk).

Vanquished Creatures
  A scorpion (D:4)
  2 orc priests
  2 iguanas
  2 orc wizards (D:3)
  5 adders
  A worm (D:3)
  A dart slug (D:3)
  7 orcs
  3 endoplasms
  7 giant cockroaches
  6 goblins
  8 hobgoblins
  5 jackals (D:1)
  6 kobolds
  5 quokkas
  7 ball pythons
  6 bats
  4 frilled lizards
  7 rats
85 creatures vanquished.

Vanquished Creatures (others)
  3 fungi (D:1)
  2 plants (D:1)
5 creatures vanquished.

Grand Total: 90 creatures vanquished

Notes
Turn   | Place    | Note
-------+----------+-------------------------------------------
     0 | D:1      | Zypher the Merfolk Gladiator began the quest for the Orb.
     0 | D:1      | Reached XP level 1. HP: 16/16 MP: 1/1
   249 | D:1      | Reached XP level 2. HP: 21/22 MP: 2/2
   727 | D:1      | Found a faded altar of an unknown god.
   740 | D:1      | Got Plato's Compendium of Evil
   744 | D:1      | Reached XP level 3. HP: 26/28 MP: 3/3
   758 | D:1      | Learned a level 1 spell: Necrotise
   773 | D:1      | Learned a level 1 spell: Slow
  1365 | D:2      | Reached skill level 5 in Dodging
  1459 | D:2      | Reached skill level 1 in Axes
  1459 | D:2      | Reached XP level 4. HP: 27/34 MP: 4/4
  1937 | D:3      | Reached XP level 5. HP: 28/41 MP: 5/5
  1940 | D:3      | Reached skill level 1 in Armour
  2278 | D:3      | Found Orefyk's Antique Weapon Boutique.
  2787 | D:4      | Reached XP level 6. HP: 47/48 MP: 6/6
  3196 | D:4      | Noticed a black bear
  3208 | D:4      | HP: 1/48 [black bear (2)]
  3208 | D:4      | Slain by a black bear

Illustrated notes

Levels and vault maps discovered:
D:1:      giann_forest_graveyard, layout_loops_ring,
          shapermc_ecumenical_altar_rom_forum,
          nicolae_concentric_dashed_squares_mild
D:2:      layout_loops_ring
D:3:      layout_basic, serial_shops, shop
D:4:      layout_cave_pools, minivault_27

Skill      XL: |  1  2  3  4  5  6 |
---------------+-------------------+-----
Dodging        | 5 |  5.0
Axes           | 1 2 3 |  3.4
Fighting       | 3 |  3.7
Armour         | 1 |  1.7
Polearms       | |  4.4
Throwing       | |  2.1

Action                   |  1- 3 |  4- 6 || total
-------------------------+-------+-------++-------
Melee: Hand axe          |    90 |   102 ||   192
       Punch             |       |     2 ||     2
Armor: Leather armour    |    27 |       ||    27
       Chain mail        |       |    78 ||    78
Dodge: Dodged            |    94 |    56 ||   150
